 Dungeon Crawl Stone Soup version 0.25.1-2-g60ff931df9 (webtiles) character file.

Game seed: 9836836171186162561

842 RUZZLEFAZAZZLE the Ruffian (level 7, -2/71 HPs)
             Began as a Troll Monk on Aug 25, 2020.
             Was a Priest of Okawaru.
             Slain by a bullfrog skeleton (3 damage)
             ... on level 5 of the Dungeon.
             The game lasted 00:08:29 (3464 turns).

RUZZLEFAZAZZLE the Ruffian (Troll Monk)             Turns: 3464, Time: 00:08:29

Health: -2/71      AC:  6    Str: 22    XL:     7   Next: 67%
Magic:  8/8        EV: 12    Int:  6    God:    Okawaru [***...]
Gold:   152        SH:  0    Dex: 18    Spells: 6/6 levels left

rFire    . . .     SeeInvis .     - Unarmed
rCold    . . .     Gourm    +   (no shield)
rNeg     . . .     Faith    .   a - +0 robe
rPois    .         Spirit   .   (helmet restricted)
rElec    .         Reflect  .   (no cloak)
rCorr    .         Harm     .   (gloves unavailable)
MR       .....                  (boots unavailable)
Stlth    ++........             (no amulet)
HPRegen  0.61/turn              d - +4 ring of slaying
MPRegen  0.11/turn              c - +6 ring of dexterity

@: lethally poisoned (-2 -> -3), about to teleport
A: large, unfitting armour, claws 3, fast metabolism 3, gourmand, regeneration
1, shaggy fur 1, tough skin 3
a: Heroism, Renounce Religion


You were on level 5 of the Dungeon.
You worshipped Okawaru.
Okawaru was most pleased with you.
You were completely stuffed.

You visited 1 branch of the dungeon, and saw 5 of its levels.

You collected 152 gold pieces.

Inventory:

Armour
 a - a +0 robe (worn)
Jewellery
 c - a +6 ring of dexterity (right claw)
 d - a +4 ring of slaying (left claw)
Scrolls
 e - 4 scrolls of remove curse
 f - 2 scrolls of identify
Potions
 i - a potion of flight
Comestibles
 b - 10 rations
 h - 2 chunks of flesh


   Skills:
 + Level 4.5 Fighting
 + Level 2.4 Armour
 + Level 3.6 Dodging
 - Level 1.0 Stealth
 + Level 5.4 Unarmed Combat
 + Level 2.8 Invocations


You had 6 spell levels left.
You didn't know any spells.
Your spell library was empty.

Dungeon Overview and Level Annotations

Branches:
Dungeon (5/15)
 Temple: D:4-7

Altars:
Fedhas
Okawaru
Vehumet
Xom
Yredelemnul
Zin

Shops:
D:4 [

Annotations:
D:5 Sigmund


Innate Abilities, Weirdness & Mutations

You are too large for most types of armour.
You have claws for hands.
Your metabolism is lightning-fast.
You like to eat raw meat.
Your natural rate of healing is unusually fast.
You are covered in fur. (AC +1)
You have extremely tough skin. (AC +3)


Message History

* * * LOW HITPOINT WARNING * * *
You are lethally poisoned!
The bullfrog skeleton barely misses you.
You feel better. The hobgoblin misses you. The hobgoblin closely misses you.
The bullfrog skeleton hits you.
* * * LOW HITPOINT WARNING * * *
You claw the bullfrog skeleton!
The bullfrog skeleton is moderately damaged.
Something hits you but does no damage.
You are poisoned.
The bullfrog skeleton barely misses you.
The hobgoblin misses you.
The hobgoblin hits you with a +0 scythe!
* * * LOW HITPOINT WARNING * * *
Okay, then.
As you read the scroll of teleportation, it crumbles to dust.
You feel strangely unstable.
* * * LOW HITPOINT WARNING * * *
You feel sick. The bullfrog skeleton hits you.
You die...

......###..#......
#.....#.#....#
##..#..[..##
##.###.#..##
#...#..#..###.###
###..#.##.......#
##.#....###...#
#.####gZ## # #..
##@)# .##. ##{...#
. .. .g....# #.
..g.......# .#
###.......# .
#.......#
.......## #......#


You could see 2 hobgoblins and a bullfrog skeleton.

Vanquished Creatures
  The ghost of Johnny the Poker, an amateur DgGl (D:3)
  An ogre (D:4)
  2 scorpions (D:4)
  A howler monkey (D:5)
  2 quasits (D:3)
  A hound (D:5)
  A jelly (D:5)
  An orc priest (D:3)
  An orc wizard (D:4)
  An iguana (D:4)
  2 worker ants (D:4)
  A hound skeleton (D:4)
  Robin (D:3)
  7 adders
  3 oozes
  An adder skeleton (D:5)
  3 worms
  2 dart slugs (D:4)
  5 leopard geckos
  9 orcs
  3 giant cockroaches
  13 goblins
  13 hobgoblins
  2 jackals (D:4)
  A quokka (D:2)
  2 ball pythons (D:2)
  5 bats (D:1)
  2 frilled lizards
  10 kobolds
  A quokka zombie (D:5)
  9 rats
107 creatures vanquished.

Notes
Turn   | Place    | Note
-------+----------+-------------------------------------------
     0 | D:1      | RUZZLEFAZAZZLE the Troll Monk began the quest for the Orb.
     0 | D:1      | Reached XP level 1. HP: 22/22 MP: 0/0
   188 | D:1      | Reached XP level 2. HP: 27/29 MP: 1/1
   819 | D:1      | Reached XP level 3. HP: 34/37 MP: 2/2
   921 | D:2      | Found a shimmering altar of Xom.
   949 | D:2      | Found an iron altar of Okawaru.
   958 | D:2      | Became a worshipper of Warmaster Okawaru
   958 | D:2      | Reached * piety under Okawaru
   958 | D:2      | Reached ** piety under Okawaru
  1067 | D:2      | Reached skill level 4 in Unarmed Combat
  1224 | D:2      | Reached XP level 4. HP: 45/45 MP: 3/3
  1607 | D:3      | Found a transporter.
  1610 | D:3      | Noticed Johnny's ghost (amateur DgGl)
  1662 | D:3      | Found a transporter.
  1671 | D:3      | Killed Johnny's ghost
  1671 | D:3      | Reached skill level 1 in Armour
  1671 | D:3      | Reached skill level 1 in Invocations
  1671 | D:3      | Reached XP level 5. HP: 27/54 MP: 4/4
  1680 | D:3      | Reached XP level 6. HP: 25/62 MP: 5/5
  2528 | D:4      | Found a basalt altar of Yredelemnul.
  2543 | D:4      | Noticed Robin
  2546 | D:4      | Reached *** piety under Okawaru
  2546 | D:4      | Reached skill level 5 in Unarmed Combat
  2583 | D:3      | Killed Robin
  2672 | D:3      | Reached XP level 7. HP: 45/70 MP: 7/7
  2856 | D:4      | Found a blossoming altar of Fedhas.
  3022 | D:4      | Found Bihip's Antique Armour Emporium.
  3096 | D:4      | Found a radiant altar of Vehumet.
  3244 | D:4      | Found a glowing silver altar of Zin.
  3391 | D:5      | Entered Level 5 of the Dungeon
  3428 | D:5      | Noticed Sigmund
  3461 | D:5      | HP: 1/71 [something (9)]
  3464 | D:5      | Slain by a bullfrog skeleton

Illustrated notes

Levels and vault maps discovered:
D:1:      sevenhm_arrival_forest_fort_large_4, layout_basic, serial_rivers,
          chequers_serial_rivers_marsh, chequers_serial_rivers_small_3,
          chequers_serial_rivers_micro_c, chequers_serial_rivers_small_a
D:2:      layout_loops_ring, kennysheep_okawaru_gauntlet, lemuel_doored_altar,
          hangedman_decor_push
D:3:      layout_basic, gammafunk_ghost_stat_death
D:4:      layout_rooms, fedhas_altar_fruit_tree, overflow_temple_1_default,
          vehumet_crystals, zin_academy, serial_shops, shop, first_ration,
          st_stairs_4, uniq_robin
D:5:      layout_rooms, minmay_temple_entry_waves, sigmund_army

Skill      XL: |  1  2  3  4  5  6  7 |
---------------+----------------------+-----
Fighting       | 3 4 |  4.5
Unarmed Combat | 4 5 |  5.4
Armour         | 1 2 |  2.4
Invocations    | 1 2 |  2.8
Dodging        | 3 |  3.6
Stealth        | |  1.0

Action                   |  1- 3 |  4- 6 |  7- 9 || total
-------------------------+-------+-------+-------++-------
Melee: Unarmed           |    75 |    84 |    99 ||   258
       Punch             |     1 |     5 |     3 ||     9
Invok: Heroism           |       |     1 |     1 ||     2
  Use: Potion            |       |     4 |     4 ||     8
       Scroll            |       |     3 |     3 ||     6
 Stab: Sleeping          |     1 |     3 |       ||     4
       Distracted        |     1 |       |       ||     1
       Invisible         |       |       |     1 ||     1
  Eat: Chunk             |    17 |    13 |     7 ||    37
Armor: Robe              |    24 |    74 |    28 ||   126
Dodge: Dodged            |    43 |    87 |   104 ||   234
